 Dungeon Crawl Stone Soup version 0.30-a0-629-gd54f4be4f7 (webtiles) character file.

Game seed: 5673032801585153736

48454 ragingrage the Basher (level 14, 0/143 HPs)
             Began as an Ogre Ice Elementalist on Jan 12, 2023.
             Was a High Priest of Ignis.
             Slain by a skeletal warrior
             ... wielding a +0 glaive
              (28 damage)
             ... on level 11 of the Dungeon.
             The game lasted 00:38:34 (23868 turns).

ragingrage the Basher (Ogre Ice Elementalist)      Turns: 23868, Time: 00:38:35

Health: 0/143      AC: 16    Str: 15    XL:     14   Next: 46%
Magic:  0/27       EV: 10    Int: 30    God:    Ignis [*****.]
Gold:   482        SH:  0    Dex:  9    Spells: 12/31 levels left

rFire   + + +      SeeInvis .    a - +3 Elemental Staff {rElec rF++ rC++ AC+5}
rCold   + + .      Faith    .    (no shield)
rNeg    . . .      Spirit   +    L - +1 troll leather armour
rPois   +          Reflect  .    P - +0 hat
rElec   +          Harm     .    N - +0 cloak
rCorr   .          Rampage  .    (gloves unavailable)
Will    +....                    (boots unavailable)
Stlth   ++                       j - amulet of Hedonism {Spirit Int+10}
HPRegen 1.23/turn                C - +4 ring of protection
MPRegen 0.20/turn                y - ring of poison resistance

@: about to teleport, on blink cooldown
A: large, unfitting armour, tough skin 1
a: Renounce Religion, Fiery Armour, Foxfire Swarm, Rising Flame


You were on level 11 of the Dungeon.
You worshipped Ignis.
Ignis was extremely pleased with you.
You visited 3 branches of the dungeon, and saw 17 of its levels.
You also visited: Ossuary and Gauntlet.

You collected 1121 gold pieces.
You spent 639 gold pieces at shops.

Inventory:

Hand Weapons
 a - the +3 Elemental Staff (weapon) {rElec rF++ rC++ AC+5}
   (You acquired it on level 4 of the Lair of Beasts)

   If the wielder is skilled in Evocations, they can discharge powerful blasts
   of elemental energy when striking with it.
   It enhances your fire, ice, earth and air magic.
   AC:        It affects your AC (+5).
   rF:        It greatly protects you from fire.
   rC:        It greatly protects you from cold.
   rElec:     It insulates you from electricity.
 b - the +8 whip of an ice cave {flame, rC+}
   (You found it on level 4 of the Dungeon)

   rC:        It protects you from cold.
 h - the +8 frozen axe "Frostbite" {freeze, freezing cloud, *Noise Fly rC+}
   (You found it on level 5 of the Lair of Beasts)

   It occasionally leaves clouds of freezing vapour upon striking a foe.
   It grants immunity to clouds of freezing vapour.
   rC:        It protects you from cold.
   Fly:       It grants you flight.
   *Noise:    It may make noises in combat.
Missiles
 o - 7 atropa-tipped darts
 r - 20 poisoned darts
 D - 8 silver javelins
 O - a throwing net
Armour
 L - a +1 troll leather armour (worn)
 N - a +0 cloak (worn)
 P - a +0 hat (worn)
Jewellery
 j - the amulet of Hedonism (around neck) {Spirit Int+10}
   (You found it in a Gauntlet)

   [amulet of guardian spirit]

   It causes incoming damage to be divided between your reserves of health and
   magic.
   Int:       It affects your intelligence (+10).
 y - a ring of poison resistance (right hand)
 C - a +4 ring of protection (left hand)
 K - a ring of magical power
 Q - a ring of see invisible
Wands
 e - a wand of polymorph (16)
 B - a wand of flame (30)
 H - a wand of digging (15)
 I - a wand of iceblast (14)
Scrolls
 c - a scroll of enchant armour
 d - 2 scrolls of vulnerability
 i - 3 scrolls of enchant weapon
 k - 3 scrolls of amnesia
 l - 11 scrolls of teleportation
 n - a scroll of fear
 p - 5 scrolls of blinking
 x - 5 scrolls of torment
 z - 2 scrolls of fog
 E - a scroll of brand weapon
 G - a scroll of poison
Potions
 f - a potion of magic
 g - 7 potions of flight
 m - 3 potions of curing
 q - 2 potions of brilliance
 s - a potion of might
 t - 4 potions of haste
 v - 2 potions of lignification
 w - 6 potions of mutation
 A - a potion of attraction
 F - 2 potions of cancellation
 J - 3 potions of heal wounds
 M - a potion of resistance
Miscellaneous
 u - a phial of floods


   Skills:
 - Level 10.0 Fighting
 - Level 12.0(12.3) Maces & Flails
 + Level 5.0(9.8) Staves
 + Level 5.4 Dodging
 - Level 4.0 Stealth
 - Level 9.0 Spellcasting
 - Level 7.0 Summonings
 - Level 4.0 Translocations
 - Level 10.0 Ice Magic
 - Level 5.0 Air Magic
 * Level 6.2 Evocations


You had 12 spell levels left.
You knew the following spells:

 Your Spells              Type           Power      Damage    Failure   Level
a - Frozen Ramparts       Ice            100%       1d16      1%          3
b - Ozocubu's Armour      Ice            84%        N/A       1%          3
c - Summon Ice Beast      Ice/Summ       77%        N/A       1%          4
d - Summon Lightning Spi  Summ/Air       65%        N/A       4%          4
e - Swiftness             Air            60%        N/A       1%          3
f - Blink                 Tloc           74%        N/A       1%          2

Your spell library contained the following spells:

 Spells                   Type           Power      Damage    Failure   Level
 Freeze                   Ice            100%       1d10      1%          1
 Call Imp                 Summ           53%        N/A       1%          2
 Ensorcelled Hibernation  Hex/Ice        100%       N/A       1%          2
 Static Discharge         Conj/Air       84%        2-6/arc   2%          2
 Vhi's Electric Charge    Tloc/Air       100%       N/A       2%          3
 Magic Dart               Conj           52%        1d5       4%          1
 Sandblast                Erth           40%        2d10      4%          1
 Airstrike                Air            30%        2d(5-21)  6%          4
 Passwall                 Tmut/Erth      16%        N/A       7%          2
 Searing Ray              Conj           26%        2d5       7%          2
 Mephitic Cloud           Conj/Pois/Air  35%        N/A       8%          3
 Manifold Assault         Tloc           37%        N/A       9%          4
 Stone Arrow              Conj/Erth      40%        3d9       14%         3
 Summon Mana Viper        Hex/Summ       34%        N/A       30%         5
 Fulminant Prism          Conj/Hex       6%         3d6       43%         4
 Arcjolt                  Conj/Air       21%        1d31      43%         5
 Lightning Bolt           Conj/Air       21%        1d36      43%         5
 Monstrous Menagerie      Summ           26%        N/A       92%         7
 Iron Shot                Conj/Erth      10%        9d3       100%        6
 Storm Form               Tmut/Air       21%        N/A       100%        7
 Shatter                  Erth           10%        3d11*     100%        9


Dungeon Overview and Level Annotations

Branches:
Dungeon (11/15)            Temple (1/1) D:6            Lair (5/5) D:9
  Swamp (0/4) Lair:2       Spider (0/4) Lair:3        Slime (0/5) Lair:5
Ossuary (visited)         Gauntlet (visited)
    Orc: D:9-12

Altars:
Dithmenos
Elyvilon
Gozag
Qazlal
Yredelemnul
Zin
Ignis

Shops:
D:4 [   D:6 !   D:9 ?

Annotations:
D:3 3 runed translucent doors, Dordric's ghost, amateur DjWr
D:4 exclusion: orc warrior
D:5 Ijyb
D:11 exclusion: two-headed ogre
Lair:1 9 runed translucent doors, Yheidum's ghost, journeyman MiFi
Lair:5 exclusions: door and obsidian statue


Innate Abilities, Weirdness & Mutations

You are too large for most types of armour.
You have tough skin. (AC +1)


Message History

You hit the skeletal warrior.
The skeletal warrior is severely damaged.
You hit the skeletal warrior but do no damage.
The skeletal warrior is severely damaged.
The skeletal warrior barely misses you.
The skeletal warrior hits you with a +0 glaive.
The skeletal warrior hits you from afar with a +0 glaive!
You hit the skeletal warrior but do no damage.
You burn the skeletal warrior!
The skeletal warrior is almost destroyed.
The skeletal warrior hits you with a +0 battleaxe!!
The skeletal warrior hits you with a +0 glaive.
The skeletal warrior hits you from afar with a +0 glaive.
You closely miss the skeletal warrior.
The skeletal warrior is almost destroyed.
The skeletal warrior hits you with a +0 battleaxe!!
The skeletal warrior hits you but does no damage. x2
You hit the skeletal warrior but do no damage.
The skeletal warrior is almost destroyed.
Casting: Frozen Ramparts (safe; 1% risk of failure)
Confirm with . or Enter, or press ? or * to list all spells.
Your icy armour and frozen ramparts will break if you move.
Continue?
You blink.
Your icy armour cracks and falls away as you move.
The frozen ramparts melt away as you move.
The skeletal warrior hits you with a +0 battleaxe!!
The skeletal warrior hits you from afar with a +0 glaive!
* * * LOW HITPOINT WARNING * * *
The skeletal warrior barely misses you.
Casting: Blink (safe; 1% risk of failure)
Confirm with . or Enter, or press ? or * to list all spells.
You don't have enough magic to cast this spell.
Okay, then.
As you read the scroll of teleportation, it crumbles to dust.
You feel strangely unstable.
The skeletal warrior hits you with a +0 battleaxe!
* * * LOW HITPOINT WARNING * * *
The skeletal warrior closely misses you.
The skeletal warrior hits you from afar with a +0 glaive!!
You die...

#......#......)#...........
#......+......)†......?....
#......#......)#...........
#......#.(.....#...........
#......#.......#....>......
#......#.......#...........
#..#####§z.....#...##.####.
###......z....####+##.####+
#.....z.@...+............
#...........#............
#...........#.......<....
#..........(#............
##.....######.........##.
#.....#...# ....##.z.##.
#.....#...########...##.
#.....#...'...z.........
#.....#'####............


You could see 3 skeletal warriors.

Vanquished Creatures
  A minotaur (Gauntlet)
  4 hydras
  6 death yaks
  A two-headed ogre (D:11)
  A hell knight (D:10)
  Pikel (D:8)
  A necromancer (Lair:5)
  An ugly thing (D:7)
  A cyclops (D:11)
  Maurice (D:10)
  7 elephants
  3 black mambas
  Psyche (D:8)
  8 cane toads
  An unseen horror (D:6)
  4 rime drakes
  7 komodo dragons
  A polar bear (Lair:5)
  A troll (D:9)
  8 blink frogs
  A hornet (D:9)
  A tarantella (Lair:1)
  A spectral elephant (Lair:5)
  A jumping spider (Lair:1)
  3 shadows
  3 centaur simulacra (Gauntlet)
  51 yaks
  A wyvern (Lair:3)
  A spectral komodo dragon (Gauntlet)
  A basilisk (Lair:2)
  2 steam dragons
  3 redbacks (Lair:1)
  2 wargs (D:9)
  An acid dragon (D:9)
  9 water moccasins
  3 hell hounds (D:10)
  5 orc warriors
  3 ice beasts
  A sky beast (D:7)
  A black bear (D:8)
  4 wolves (Lair:1)
  4 centaurs
  An elephant zombie (Lair:5)
  2 ogres
  A lemure (D:8)
  2 nameless horrors (Lair:2)
  An elf zombie (Ossuary)
  9 bullfrogs
  A kobold brigand (D:8)
  2 gnoll sergeants
  2 scorpions
  A cane toad simulacrum (Gauntlet)
  5 wights
  5 killer bees
  2 howler monkeys
  A centaur zombie (Ossuary)
  5 orc priests
  2 gnoll boudas
  3 hounds
  A jelly (D:7)
  An iguana (D:5)
  17 orc wizards
  5 hell rats (Lair:4)
  2 mummies (Ossuary)
  18 gnolls
  4 adders
  2 white imps
  2 ufetubi
  4 worms
  5 dart slugs
  36 orcs
  7 endoplasms
  3 giant cockroaches
  6 goblins
  11 hobgoblins
  4 jackals (D:1)
  15 kobolds
  6 quokkas
  10 ball pythons
  5 bats
  5 frilled lizards
  A gnoll zombie (Ossuary)
  3 goblin zombies (Ossuary)
  2 hobgoblin zombies (Ossuary)
  An orc zombie (Ossuary)
  8 rats
  A spectral kobold (D:2)
391 creatures vanquished.

Vanquished Creatures (collateral kills)
  A dire elephant (Lair:5)
  2 death yaks
  A two-headed ogre (D:10)
  An orb spider (Lair:3)
  A necromancer (Lair:5)
  5 elephants
  A black mamba (Lair:4)
  A cane toad (Lair:4)
  A polar bear (Lair:5)
  11 blink frogs
  16 yaks
  2 basilisks
  2 death yak simulacra (Lair:5)
  An elephant skeleton (Lair:5)
  2 elephant simulacra (Lair:5)
  A centaur zombie (Ossuary)
  A hell rat (Lair:4)
  2 gnolls (D:11)
  2 gnoll zombies (Ossuary)
  A goblin zombie (Ossuary)
  A hobgoblin zombie (Ossuary)
56 creatures vanquished.

Vanquished Creatures (others)
  A death yak (Lair:5)
  3 yaks (Lair:3)
  11 fungi
  26 plants
  19 withered plants
60 creatures vanquished.

Grand Total: 507 creatures vanquished

Notes
Turn   | Place    | Note
-------+----------+-------------------------------------------
     0 | D:1      | ragingrage the Ogre Ice Elementalist began the quest for
                  | the Orb.
     0 | D:1      | Reached XP level 1. HP: 16/16 MP: 3/3
   186 | D:1      | Reached XP level 2. HP: 19/24 MP: 1/5
   579 | D:1      | You fall into a shaft and drop 1 floor!
   580 | D:2      | Found a faded altar of an unknown god.
   607 | D:2      | Prayed at the altar of an unknown god.
   607 | D:2      | Became a worshipper of Ignis, the Dying Flame
   622 | D:2      | Identified the +4 pair of gloves of the Beloved God {Fly
                  | Str+2 Slay-6}
   633 | D:2      | Reached XP level 3. HP: 31/31 MP: 1/6
   816 | D:1      | Learned a level 3 spell: Frozen Ramparts
  1572 | D:2      | Reached skill level 5 in Ice Magic
  1573 | D:2      | Reached XP level 4. HP: 28/39 MP: 0/7
  2247 | D:3      | Found a runed translucent gate.
  2250 | D:3      | Found a runed translucent gate.
  2252 | D:3      | Found a runed translucent gate.
  2255 | D:3      | Noticed Dordric's ghost (amateur DjWr)
  2561 | D:3      | Found a basalt altar of Yredelemnul.
  3037 | D:4      | Identified the +8 whip of an ice cave {flame, rC+}
  3134 | D:4      | Found Togonegg's Armour Boutique.
  3164 | D:4      | Reached XP level 5. HP: 35/45 MP: 4/8
  3247 | D:4      | Reached skill level 1 in Maces & Flails
  3423 | D:4      | Reached XP level 6. HP: 45/53 MP: 3/9
  3637 | D:4      | Bought a +2 robe for 152 gold pieces
  3737 | D:4      | Found an opulent altar of Gozag.
  3837 | D:4      | Noticed an orc warrior
  4076 | D:5      | Entered Level 5 of the Dungeon
  4077 | D:5      | Noticed Ijyb
  4084 | D:4      | Reached skill level 2 in Maces & Flails
  4105 | D:4      | Learned a level 3 spell: Ozocubu's Armour
  4221 | D:5      | Reached skill level 3 in Maces & Flails
  4221 | D:5      | Reached XP level 7. HP: 54/59 MP: 6/10
  4648 | D:6      | Found a staircase to the Ecumenical Temple.
  4754 | D:6      | Reached skill level 4 in Maces & Flails
  4894 | D:6      | Found Isules's Distillery.
  4899 | D:6      | Bought 2 potions of curing for 60 gold pieces
  4899 | D:6      | Bought a potion of might for 40 gold pieces
  4964 | D:6      | Found a shadowy altar of Dithmenos.
  5131 | D:6      | Reached XP level 8. HP: 44/67 MP: 7/11
  5551 | D:6      | Bought a potion of berserk rage for 50 gold pieces
  5629 | D:6      | Killed an unseen horror
  5630 | D:6      | Reached skill level 5 in Maces & Flails
  6228 | D:7      | Reached skill level 6 in Maces & Flails
  6327 | Temple   | Entered the Ecumenical Temple
  6760 | D:7      | Noticed a purple ugly thing
  6775 | D:7      | Killed a purple ugly thing
  6776 | D:7      | Reached XP level 9. HP: 72/74 MP: 1/12
  6811 | D:7      | Reached skill level 7 in Maces & Flails
  7192 | D:7      | Reached skill level 10 in Ice Magic
  7405 | D:7      | Reached skill level 8 in Maces & Flails
  7492 | D:7      | Learned a level 2 spell: Blink
  7515 | D:8      | Noticed Psyche
  7521 | D:8      | Killed Psyche
  7522 | D:8      | Reached skill level 1 in Fighting
  7522 | D:8      | Reached skill level 1 in Translocations
  7522 | D:8      | Reached XP level 10. HP: 84/85 MP: 7/14
  7713 | D:8      | Found a sand-covered staircase.
  7765 | Ossuary  | Entered an ossuary
  7823 | Ossuary  | Learned a level 4 spell: Summon Ice Beast
  8493 | D:8      | Noticed Pikel
  8623 | D:8      | Killed Pikel
  8624 | D:8      | Reached skill level 5 in Spellcasting
 10160 | D:9      | Identified the +1 chain mail of Pleasant Breezes {rCorr
                  | Dex-5 SInv}
 10189 | D:9      | Found The Oracle's Delphic Readings.
 10193 | D:9      | Bought 3 scrolls of blinking for 337 gold pieces
 10230 | D:9      | Reached skill level 5 in Fighting
 10234 | D:9      | Reached skill level 9 in Maces & Flails
 10332 | D:9      | Reached XP level 11. HP: 98/105 MP: 20/20
 10411 | D:9      | Found a staircase to the Lair.
 10965 | D:10     | Entered Level 10 of the Dungeon
 11377 | D:11     | Noticed a two-headed ogre
 11523 | D:10     | Reached skill level 10 in Maces & Flails
 11633 | D:10     | Noticed Maurice
 11656 | D:10     | Killed Maurice
 12243 | D:10     | Noticed a hell knight
 12254 | D:10     | Killed a hell knight
 12272 | D:10     | Noticed a hell knight
 12272 | D:10     | Noticed a hell knight
 12272 | D:10     | Noticed a hell knight
 12272 | D:10     | Noticed a hell knight
 12471 | D:10     | Noticed a necromancer
 12471 | D:10     | Noticed a hell knight
 12471 | D:10     | Noticed a hell knight
 12528 | D:11     | Noticed a cyclops
 12540 | D:11     | Killed a cyclops
 12794 | D:11     | Noticed a skeletal warrior
 12878 | Lair:1   | Entered Level 1 of the Lair of Beasts
 12984 | Lair:1   | Learned a level 4 spell: Summon Lightning Spire
 13056 | Lair:1   | Reached skill level 10 in Fighting
 13060 | Lair:1   | Reached skill level 1 in Summonings
 13060 | Lair:1   | Reached skill level 1 in Air Magic
 13129 | Lair:1   | Found a runed translucent gate.
 13130 | Lair:1   | Found a runed translucent gate.
 13130 | Lair:1   | Found a runed translucent gate.
 13449 | Lair:1   | Reached XP level 12. HP: 116/126 MP: 18/21
 13617 | Lair:1   | Found a glowing silver altar of Zin.
 13658 | Lair:1   | Reached skill level 11 in Maces & Flails
 14100 | Lair:1   | Found a runed translucent door.
 14184 | Lair:1   | Noticed Yheidum's ghost (journeyman MiFi)
 14408 | Lair:1   | Found a runed translucent gate.
 14408 | Lair:1   | Found a runed translucent gate.
 14408 | Lair:1   | Noticed a boulder beetle
 14408 | Lair:1   | Noticed a boulder beetle
 14409 | Lair:1   | Found a runed translucent gate.
 14409 | Lair:1   | Found a runed translucent gate.
 14409 | Lair:1   | Found a runed translucent gate.
 14409 | Lair:1   | Noticed a boulder beetle
 14416 | Lair:1   | Found a runed translucent gate.
 15092 | Lair:2   | Found a staircase to the Swamp.
 15597 | Lair:2   | Noticed a four-headed hydra
 15608 | Lair:2   | Killed a four-headed hydra
 16384 | Lair:3   | Found a hole to the Spider Nest.
 16686 | Lair:3   | Noticed a death yak
 16686 | Lair:3   | Noticed a death yak
 16718 | Lair:3   | Killed a death yak
 16724 | Lair:3   | Noticed a death yak
 16919 | Lair:3   | Noticed a death yak
 17030 | Lair:3   | Reached skill level 5 in Summonings
 17087 | Lair:3   | Noticed a six-headed hydra
 17106 | Lair:3   | Killed a death yak
 17107 | Lair:3   | Reached XP level 13. HP: 63/133 MP: 10/25
 17110 | Lair:3   | Reached skill level 12 in Maces & Flails
 17446 | Lair:3   | Reached skill level 1 in Evocations
 18248 | Lair:4   | Identified a scroll of acquirement
 18248 | Lair:4   | Acquired the +3 Elemental Staff {rElec rF++ rC++ AC+5}
 18248 | Lair:4   | Found the +3 Elemental Staff {rElec rF++ rC++ AC+5}
 18925 | Lair:4   | Reached skill level 1 in Staves
 20024 | Lair:5   | Entered Level 5 of the Lair of Beasts
 20024 | Lair:5   | Found a gate leading to a gauntlet.
 20038 | Lair:5   | Reached skill level 5 in Air Magic
 20142 | Gauntlet | Entered a Gauntlet
 20142 | Gauntlet | Found a transporter.
 20142 | Gauntlet | Found a transporter.
 20142 | Gauntlet | Found a transporter.
 20152 | Gauntlet | Found a transporter.
 20155 | Gauntlet | Found a transporter.
 20166 | Gauntlet | Found a transporter.
 20168 | Gauntlet | Found a transporter.
 20172 | Gauntlet | Found a runed translucent gate.
 20172 | Gauntlet | Found a runed translucent gate.
 20172 | Gauntlet | Found a runed translucent gate.
 20174 | Gauntlet | Found a transporter.
 20192 | Gauntlet | Found a transporter.
 20211 | Gauntlet | Found a transporter.
 20212 | Gauntlet | Found a transporter.
 20222 | Gauntlet | Found a transporter.
 20357 | Gauntlet | Learned a level 3 spell: Swiftness
 20369 | Gauntlet | Identified the amulet of Hedonism {Spirit Int+10}
 20492 | Gauntlet | Noticed a minotaur
 20521 | Gauntlet | Killed a minotaur
 20567 | Gauntlet | Identified the +8 plate armour of Ziskacvo {rC+++ Dex+2}
 20717 | Lair:5   | Found a staircase to the Slime Pits.
 20806 | Lair:5   | Got the Lessons on Geology
 21176 | Lair:5   | Reached XP level 14. HP: 143/143 MP: 13/27
 21276 | Lair:5   | Found the +8 frozen axe "Frostbite" {freeze, freezing
                  | cloud, *Noise Fly rC+}
 21821 | Lair:5   | Reached skill level 5 in Evocations
 21972 | Lair:5   | Noticed a dire elephant
 21972 | Lair:5   | Noticed a dire elephant
 22820 | Lair:5   | Reached skill level 5 in Dodging
 22970 | Lair:5   | Noticed a dire elephant
 23005 | Lair:5   | Killed a dire elephant
 23716 | D:11     | Reached skill level 5 in Staves
 23868 | D:11     | Slain by a skeletal warrior

Illustrated notes

Levels and vault maps discovered:
D:1:      wander_arrival_peaceful_grave, layout_basic, serial_forest,
          infiniplex_forest_lined_ring, infiniplex_forest_corner_2,
          infiniplex_forest_corner_1, infiniplex_forest_zigzag_2,
          infiniplex_forest_lined_2, infiniplex_forest_lined_2
D:2:      layout_basic, dreamdust_ecumenical_altar_drowned_temple,
          lexackson_kobold_supper
D:3:      layout_basic, mainiacjoe_overflow_surrounded_room,
          gammafunk_ghost_necromancy
D:4:      layout_basic, nicolae_gozag_cash_rules_everything_around_me,
          serial_shops, shop, minmay_manual_mandibuliform
D:5:      layout_loops_ring, doesnt_xom_only_xom, uniq_ijyb
D:6:      layout_loops_corners, nicolae_dithmenos_through_a_glass_darkly,
          minmay_temple_entry_statues_fountains, serial_shops,
          nicolae_shop_trees
D:7:      layout_basic
D:8:      layout_rooms, enter_ossuary_1, uniq_pikel, uniq_psyche
D:9:      layout_small_grid, erik_lair_orcish_takeover,
          nicolae_nh_oracle_at_delphi
D:10:     layout_rooms, minmay_rotating_lava, uniq_maurice
D:11:     layout_gridville
Temple:   regret_index_temple_chain_breaker
Lair:1:   gammafunk_indiana_jones, layout_chaotic_city,
          ebering_ghost_rock_garden, basic_altar, infiniplex_staircase_pool_2
Lair:2:   layout_layer_cave, swamp_mist, serial_bayou_shore_a
Lair:3:   layout_hall_layers, nicolae_spider_entry_orb_guardian,
          chequers_serial_rivers_micro_c, ldierk_geyser, minivault_19
Lair:4:   layout_regular_city
Lair:5:   due_jungle_book, layout_regular_city, slime_entry_1,
          gauntlet_entry_generic

Skill      XL: |  1  2  3  4  5  6  7  8  9 10 11 12 13 14 |
---------------+-------------------------------------------+-----
Ice Magic      | 4 5 6 7 9 10 | 10.0
Maces & Flails | 1 3 4 6 8 9 10 11 12 | 12.0
Fighting       | 1 6 10 | 10.0
Spellcasting   | 3 6 8 9 |  9.0
Translocations | 1 4 |  4.0
Summonings     | 1 5 7 |  7.0
Air Magic      | 1 4 5 |  5.0
Dodging        | 4 5 |  5.4
Evocations     | 4 6 |  6.2
Stealth        | 3 4 |  4.0
Staves         | 3 5 |  5.0

Action                   |  1- 3 |  4- 6 |  7- 9 | 10-12 | 13-15 || total
-------------------------+-------+-------+-------+-------+-------++-------
Melee: Unarmed           |     9 |       |       |       |       ||     9
       Whip              |    41 |    40 |    75 |   441 |    99 ||   696
       Dagger            |     3 |       |       |       |       ||     3
       Battleaxe         |       |     6 |       |       |       ||     6
       Punch             |       |       |       |     4 |     8 ||    12
       Staff             |       |       |       |       |   250 ||   250
Throw: Dart              |       |       |     8 |     4 |     3 ||    15
 Cast: Freeze            |    60 |    61 |    40 |    37 |       ||   198
       Frozen Ramparts   |     2 |    11 |    19 |    62 |    51 ||   145
       Ozocubu's Armour  |       |       |     7 |    49 |    42 ||    98
       Summon Ice Beast  |       |       |       |    22 |    41 ||    63
       Blink             |       |       |       |     4 |     1 ||     5
       Summon Lightning  |       |       |       |    13 |    38 ||    51
       Swiftness         |       |       |       |       |     2 ||     2
Invok: Fiery Armour      |       |       |       |       |     1 ||     1
Evoke: Wand              |       |       |       |     6 |     1 ||     7
  Use: Scroll            |       |       |     4 |     8 |    15 ||    27
       Potion            |       |       |     2 |     4 |       ||     6
 Stab: Sleeping          |     1 |       |       |       |       ||     1
       Distracted        |       |       |       |     1 |     3 ||     4
Armor: Robe              |    43 |    28 |    50 |       |       ||   121
       Steam dragon scal |       |       |     4 |    62 |       ||    66
       Troll leather arm |       |       |       |    47 |   170 ||   217
Dodge: Dodged            |    50 |    67 |    47 |   133 |   135 ||   432

Table legend: (Time is in decaauts)
 A = Elapsed time spent in this place.
 B = Non-inter-level travel time spent in this place.
 C = Inter-level travel time spent in this place.
 D = Time resting spent in this place.
 E = Time spent auto-exploring this place.
 F = Levels seen in this place.
 G = Mean time per level.
                   A        B        C        D        E       F      G
               +--------+--------+--------+--------+--------+-----+--------+
         Total |  23550 |  22284 |   1266 |   6327 |  11750 |  19 | 1239.5 |
       Dungeon |  12975 |  12168 |    807 |   3070 |   6749 |  11 | 1179.5 |
        Temple |      1 |      1 |      0 |      0 |      0 |   1 |    1.0 |
          Lair |   9830 |   9371 |    459 |   3154 |   4672 |   5 | 1966.0 |
       Ossuary |    337 |    337 |      0 |      3 |    216 |   1 |  337.0 |
      Gauntlet |    405 |    405 |      0 |    100 |    113 |   1 |  405.0 |
               +--------+--------+--------+--------+--------+-----+--------+

Top non-repeatable levels by time:
  Lair:5: 2782 daAuts
  Lair:1: 1975 daAuts
  Lair:3: 1918 daAuts
  Lair:4: 1813 daAuts
     D:9: 1710 daAuts
     D:6: 1644 daAuts
     D:7: 1573 daAuts
    D:10: 1439 daAuts
  Lair:2: 1340 daAuts
     D:4: 1322 daAuts
     D:8: 1110 daAuts
     D:1: 1100 daAuts
     D:2: 922 daAuts
    D:11: 861 daAuts
     D:3: 806 daAuts
